 Dungeon Crawl Stone Soup version 0.23-a0-808-gd21de94 (webtiles) character file.

573724 Coldstonesans the Axe Maniac (level 27, -13/367 HPs)
             Began as a Hill Orc Fighter on Jan 20, 2019.
             Was a High Priest of Beogh.
             Mangled by an Orb Guardian (23 damage)
             ... on level 5 of the Realm of Zot on Jan 21, 2019.
             The game lasted 04:29:26 (70770 turns).

Coldstonesans the Axe Maniac (Hill Orc Fighter)    Turns: 70770, Time: 04:29:27

Health: -13/367    AC: 49    Str: 44      XL:     27
Magic:  0/40       EV: 10    Int:  5 (6)  God:    Beogh [*****.]
Gold:   8173       SH: 22    Dex: 11 (12) Spells: 26/26 levels left

rFire    + + .     SeeInvis .   v - +9 broad axe (drain)
rCold    . . .     Gourm    .   c - +5 shield
rNeg     + + .     Faith    .   Z - +11 chain mail "Virphopp" {rF+ rN+ MR+ Int-2}
rPois    .         Spirit   +   n - +2 helmet
rElec    .         Reflect  .   E - scarf {Spirit}
rCorr    .         Harm     .   J - +2 pair of gloves "Tiresucs" {Str+3}
MR       ++++.     Clarity  +   j - +2 pair of boots {Fly}
Stlth    ..........             Q - amulet of Okawaru's Envy {Acrobat Str+2}
HPRegen  0.71/turn              N - ring of Robustness {AC+8}
MPRegen  0.27/turn              H - ring of Ohude {rN+ MR+ Str+4}

@: mighty, berserking, about to teleport, studying 2 skills, very quick
A: walk on water, claws 1, icy blue scales 1, thin skeletal structure 1,
clarity, fire resistance 1, frail 1, screaming 1, shaggy fur 1, weak 1, sturdy
frame 1
}: 3/15 runes: decaying, silver, gossamer
a: Smiting, Recall Orcish Followers, Give Item to Named Follower, Renounce
Religion, Evoke Flight


You were on level 5 of the Realm of Zot.
You worshipped Beogh.
Beogh was extremely pleased with you.
You were not hungry.

You visited 13 branches of the dungeon, and saw 53 of its levels.
You visited 1 bazaar.
You also visited: Ice Cave.

You collected 12219 gold pieces.
You spent 4046 gold pieces at shops.

Inventory:

Hand Weapons
 i - the +11 lance "Wyrmbane" {slay drac, rPois rF+ rC+ AC+3}
   (You took it off a spriggan air mage on level 3 of the Depths)

   It affects your AC (+3).
   It protects you from fire.
   It protects you from cold.
   It protects you from poison.
 v - a +9 broad axe of draining (weapon)
 I - the +10 hand axe "Hill Orc's Curse" {antimagic, rF+ Str+2}
   (You acquired it on level 2 of the Depths)

   It reduces the magical energy of the wielder, and disrupts the spells and
   magical abilities of those hit.
   Natural abilities and divine invocations are not affected.
   It affects your strength (+2).
   It protects you from fire.
 V - the +8 great sword of the Countless Coins {pain, -Tele rC+ Str+7}
   (You took it off an ironheart preserver on level 5 of the Vaults)

   In the hands of one skilled in necromantic magic, it inflicts extra damage on
   living creatures.
   It affects your strength (+7).
   It protects you from cold.
   It prevents most forms of teleportation.
Armour
 c - a +5 shield (worn)
 j - a +2 pair of boots of flying (worn)
 n - a +2 helmet (worn)
 E - a scarf of spirit shield (worn)
 J - the +2 pair of gloves "Tiresucs" (worn) {Str+3}
   (You bought it in a shop on level 2 of the Orcish Mines)

   It affects your strength (+3).
 Z - the +11 chain mail "Virphopp" (worn) {rF+ rN+ MR+ Int-2}
   (You found it on level 6 of the Lair of Beasts)

   It affects your intelligence (-2).
   It protects you from fire.
   It protects you from negative energy.
   It affects your resistance to hostile enchantments.
Jewellery
 a - the ring "Jolewk" {rN+ Dex+6}
   (You found it on level 3 of the Crypt)

   [ring of positive energy]

   It affects your dexterity (+6).
   It protects you from negative energy.
 g - an uncursed ring of protection from cold
 l - an uncursed ring of protection from fire
 x - an uncursed ring of poison resistance
 y - an uncursed amulet of regeneration
 G - a +5 ring of strength
 H - the ring of Ohude (right hand) {rN+ MR+ Str+4}
   (You found it on level 3 of the Crypt)

   [ring of positive energy]

   It affects your strength (+4).
   It protects you from negative energy.
   It affects your resistance to hostile enchantments.
 N - the ring of Robustness (left hand) {AC+8}
   (You found it on level 1 of the Lair of Beasts)

   [ring of protection]

   It affects your AC (+8).
 Q - the amulet of Okawaru's Envy (around neck) {Acrobat Str+2}
   (You took it off a spriggan defender on level 3 of the Depths)

   [amulet of the acrobat]

   It helps you evade while moving and waiting.
   It affects your strength (+2).
 W - an uncursed ring of positive energy
Wands
 b - a wand of acid (28)
 A - a wand of digging (9)
 C - a wand of scattershot (3)
Scrolls
 d - 9 scrolls of identify
 e - 12 scrolls of teleportation
 o - 7 scrolls of magic mapping
 p - 6 scrolls of enchant armour
 q - 23 scrolls of remove curse
 u - 9 scrolls of immolation
 w - 2 scrolls of amnesia
 z - 3 scrolls of blinking
 S - 2 scrolls of fear
Potions
 m - 17 potions of curing
 B - a potion of flight
 F - 2 potions of cancellation
 K - 3 potions of magic
 M - 5 potions of agility
 O - 4 potions of brilliance
 R - 2 potions of berserk rage
 U - a potion of might
Books
 k - a manual of Stealth
 D - a manual of Summonings
Miscellaneous
 h - the horn of Geryon
 s - 3 phantom mirrors
Comestibles
 f - 74 rations


   Skills:
 O Level 27 Fighting
 O Level 27 Axes
 * Level 20.2 Armour
 * Level 18.7 Shields
 * Level 26.0 Invocations


You had 26 spell levels left.
You didn't know any spells.
Your spell library contained the following spells:

 Spells                   Type           Power        Failure   Level  Hunger
 Animate Skeleton         Necr           N/A          65%         1    ##.....
 Apportation              Tloc           #.....       65%         1    ##.....
 Beastly Appendage        Tmut           #.....       65%         1    ##.....
 Confusing Touch          Hex            #.....       65%         1    ##.....
 Flame Tongue             Conj/Fire      #....        65%         1    ##.....
 Freeze                   Ice            #...         65%         1    ##.....
 Infusion                 Chrm           #...         65%         1    ##.....
 Shock                    Conj/Air       #...         65%         1    ##.....
 Summon Small Mammal      Summ           #...         65%         1    ##.....
 Poisonous Vapours        Pois/Air       #.....       80%         2    ###....
 Shroud of Golubria       Chrm/Tloc      #.........   80%         2    ###....
 Song of Slaying          Chrm           #.......     80%         2    ###....
 Sticks to Snakes         Tmut           #.......     80%         2    ###....
 Sublimation of Blood     Necr           #.........   80%         2    ###....
 Swiftness                Chrm/Air       #.......     80%         2    ###....
 Throw Flame              Conj/Fire      #.....       80%         2    ###....
 Throw Frost              Conj/Ice       #.....       80%         2    ###....
 Conjure Flame            Conj/Fire      #.......     95%         3    ####...
 Ignite Poison            Fire/Tmut/Pois #.......     95%         3    ####...
 Inner Flame              Hex/Fire       #.......     95%         3    ####...
 Mephitic Cloud           Conj/Pois/Air  #.......     95%         3    ####...
 Ozocubu's Armour         Chrm/Ice       #.......     95%         3    ####...
 Regeneration             Chrm/Necr      #.........   95%         3    ####...
 Spectral Weapon          Hex/Chrm       #.......     95%         3    ####...
 Spider Form              Tmut/Pois      #.........   95%         3    ####...
 Static Discharge         Conj/Air       #.......     95%         3    ####...
 Airstrike                Air            #.........   100%        4    #####..
 Cause Fear               Hex            #.........   100%        4    #####..
 Ice Form                 Ice/Tmut       #.......     100%        4    #####..
 Leda's Liquefaction      Hex/Erth       #.........   100%        4    #####..
 Petrify                  Tmut/Erth      #.......     100%        4    #####..
 Sticky Flame             Conj/Fire      #.......     100%        4    #####..
 Summon Ice Beast         Ice/Summ       #.......     100%        4    #####..
 Summon Lightning Spire   Summ/Air       #.......     100%        4    #####..
 Throw Icicle             Conj/Ice       #.......     100%        4    #####..
 Alistair's Intoxication  Tmut/Pois      #.......     100%        5    ######.
 Blade Hands              Tmut           #.........   100%        5    ######.
 Bolt of Magma            Conj/Fire/Erth #.........   100%        5    ######.
 Fireball                 Conj/Fire      #.........   100%        5    ######.
 Irradiate                Conj/Tmut      #.........   100%        5    ######.
 Iskenderun's Battlesphe  Conj/Chrm      #.......     100%        5    ######.
 Lightning Bolt           Conj/Air       #.........   100%        5    ######.
 Silence                  Hex/Air        #.........   100%        5    ######.
 Venom Bolt               Conj/Pois      #.........   100%        5    ######.
 Yara's Violent Unravell  Hex/Tmut       #.........   100%        5    ######.
 Bolt of Fire             Conj/Fire      #.........   100%        6    #######
 Conjure Ball Lightning   Conj/Air       #.........   100%        6    #######
 Deflect Missiles         Chrm/Air       #.........   100%        6    #######
 Freezing Cloud           Conj/Ice/Air   #.........   100%        6    #######
 Iron Shot                Conj/Erth      #.........   100%        6    #######
 Statue Form              Tmut/Erth      #........    100%        6    #######
 Orb of Destruction       Conj           #.........   100%        7    #######
 Ring of Flames           Chrm/Fire      #.........   100%        7    #######
 Spellforged Servitor     Conj/Summ      #.........   100%        7    #######
 Discord                  Hex            #.........   100%        8    #######
 Ignition                 Fire           #.........   100%        8    #######
 Shatter                  Erth           #.........   100%        9    #######
 Tornado                  Air            #.........   100%        9    #######


Dungeon Overview and Level Annotations

Branches:
Dungeon (15/15)            Temple (0/1) D:4            Lair (6/6) D:9
  Swamp (4/4) Lair:2       Spider (4/4) Lair:3        Slime (2/5) Lair:6
    Orc (2/2) D:9             Elf (1/3) Orc:2        Vaults (5/5) D:14
  Crypt (3/3) Vaults:3       Tomb (1/3) Crypt:3      Depths (5/5) D:15
   Hell (1/1)                 Zot (5/5) Depths:5
    Dis: Hell:1         Geh: Hell:1         Coc: Hell:1         Tar: Hell:1

Altars:
Ashenzari
Dithmenos
Gozag
Hepliaklqana
Kikubaaqudgha
Nemelex Xobeh
Okawaru
Ru
Sif Muna
Uskayaw
Vehumet
Wu Jian
Xom
Yredelemnul
Zin
The Shining One
Beogh
Jiyva

Shops:
D:7 }   D:10 (   Orc:2 *((:[   Vaults:1 [   Vaults:3 [

Portals:
Hell: Depths:1 Depths:2 Depths:3 Depths:4
Abyss: Depths:1 Depths:2 Depths:3 Depths:4
Pandemonium: Depths:2 Depths:3
Ziggurat: Depths:3

Annotations:
D:6 1 runed door, Uniporpoise's ghost, novice MiFi
Vaults:1 3 runed doors, howech's ghost, adept MiFi
Depths:4 2 transporters


Innate Abilities, Weirdness & Mutations

You can walk on water.
You have sharp fingernails.
You are partially covered in icy blue scales. (AC +2)
You have a somewhat thin skeletal structure. (Dex +2, Stealth)
You possess an exceptional clarity of mind.
Your flesh is heat resistant. (rF+)
You are frail. (-10% HP)
You occasionally shout uncontrollably at your foes.
You are covered in fur. (AC +1)
You are weak. (Str -2)
Your movements are slightly less encumbered by armour. (ER -2)


Message History

You chop the orb of fire into pieces!!!
The orb of fire is moderately damaged.
You miss the orb of fire. You miss the Orb Guardian.
You slash the Orb Guardian! You drain the Orb Guardian!
You miss the Orb Guardian.
You are no longer corroded.
The Orb Guardian barely misses you. The Orb Guardian hits you.
* * * LOW HITPOINT WARNING * * *
The red draconian hits you from afar with a +0 trident.
* * * LOW HITPOINT WARNING * * *
You block the Orb Guardian's attack.
You chop the orb of fire into pieces!!!
The orb of fire is severely damaged.
You slice the orb of fire!! You hit the Orb Guardian. You slash something!
You slash the Orb Guardian! You drain the Orb Guardian!
You hit the Orb Guardian. You drain the Orb Guardian!
The Orb Guardian hits you!
* * * LOW HITPOINT WARNING * * *
The Orb Guardian hits you!!
You die...

......§§§§§§§§##.§..##
.......p.))).X.§###...##
...............§§###§§.§
......)...)..†)§§# ##..§
......).^..X.))§X# #X..
...............§§# ##.§
......dXXd.....§§# #..
.....d**XX.....§.# ##..
..^...X@X.......## #...
^^...).....^...## ##...
........^.....## #....
▓▓▓################▓▓▓▓#####
#.#.......#.# #......# #.
#.#.......'.# #......# #.
#.#......o#.## #......####.
###.#......o#..####......+^...
#.o.#....o..#.....'......#####


You could see 2 orbs of fire, a Killer Klown, 2 draconians, a white draconian
and 8 Orb Guardians.

Vanquished Creatures
  2 orbs of fire
  An ancient lich (Crypt:3)
  4 Killer Klowns (Zot:5)
  Geryon (Hell)
  4 golden dragons
  Jory (Vaults:4)
  Jorgrun (Swamp:3)
  5 liches
  A shard shrike skeleton (Crypt:2)
  9 tentacled monstrosities
  4 Orb Guardians (Zot:5)
  3 quicksilver dragons
  An acid blob (Slime:2)
  4 titans
  3 death cobs
  4 sphinxes
  An ancient champion (Crypt:2)
  3 tengu reavers (Vaults:5)
  4 storm dragons
  3 shadow dragons
  3 draconian monks (Zot:1)
  2 revenants
  9 fire giants
  An iron dragon (Depths:5)
  8 vault wardens
  5 azure jellies
  An azure jelly (shapeshifter) (Depths:3)
  2 deep elf sorcerers (Vaults:4)
  5 draconian scorchers
  4 emperor scorpions
  Louise (Depths:3)
  A draconian shifter (Zot:2)
  9 frost giants
  A balrug (Hell)
  6 ghost moths
  2 ghouls (Crypt:2)
  2 curse skulls
  2 draconian annihilators
  2 reapers (Depths:1)
  A deep elf elementalist (Depths:3)
  2 draconian stormcallers
  15 ironheart preservers
  2 spriggan defenders (Depths:3)
  2 war gargoyles (Crypt:3)
  2 vampire knights
  2 entropy weavers (Vaults:1)
  15 stone giants
  24 very ugly things
  3 deep elf demonologists (Vaults:5)
  2 green draconians
  A yellow draconian (Zot:1)
  2 deep elf annihilators (Vaults:5)
  3 purple draconians
  5 red draconians
  4 white draconians
  7 spark wasps
  4 black draconians
  A mummy priest (Tomb:1)
  2 eidola
  A death ooze (Slime:2)
  Josephine (D:12)
  2 fire dragons
  A deep elf death mage (Crypt:1)
  4 jiangshi
  17 yaktaur captains
  6 great orbs of eyes
  8 ettins
  A deep elf high priest (Vaults:5)
  19 vault guards
  A rakshasa (Vaults:1)
  8 ice dragons
  Harold (D:10)
  26 hydras
  An anaconda (shapeshifter) (Depths:3)
  A spriggan air mage (Depths:3)
  2 shambling mangroves (Swamp:4)
  A catoblepas (Lair:6)
  4 death knights
  5 centaur warriors
  14 ogre magi
  41 two-headed ogres
  11 alligators
  4 dancing weapons
  2 tengu warriors
  12 death yaks
  5 vampire magi
  7 deep troll earth magi
  10 deep troll shamans
  3 spriggan berserkers
  5 deep elf knights
  9 hell knights
  2 sun demons
  19 skeletal warriors
  2 shadow wraiths (Crypt:2)
  A storm dragon skeleton (Hell)
  2 iron trolls (Depths:1)
  A ghost moth zombie (Crypt:2)
  3 glowing orange brains
  An unseen horror (shapeshifter) (Vaults:4)
  A shadow dragon zombie (Vaults:4)
  3 spriggan druids
  24 deep trolls
  7 flayed ghosts
  A large abomination (Vaults:5)
  2 unseen horrors
  3 wizards
  9 swamp dragons
  9 phantasmal warriors
  3 deep elf archers
  8 ironbrand convokers
  A lindwurm (Lair:6)
  An orc knight (Vaults:1)
  10 orb spiders
  9 necromancers
  11 deep elf magi
  8 harpies
  An orc sorcerer (Orc:2)
  4 shining eyes
  A frost giant zombie (Depths:3)
  14 wolf spiders
  An orb spider (shapeshifter) (Vaults:3)
  46 ugly things
  A black mamba (shapeshifter) (Vaults:3)
  5 cyclopes
  3 salamanders
  8 elephants
  A fire giant skeleton (Crypt:3)
  An iron dragon skeleton (Crypt:3)
  11 moths of wrath
  A frost giant skeleton (Depths:3)
  3 black mambas
  2 rust devils (Depths:1)
  2 ice statues (IceCv)
  4 smoke demons
  A titan simulacrum (Vaults:3)
  A torpor snail (Spider:3)
  10 spiny frogs
  4 gargoyles (Crypt:3)
  13 vault sentinels
  3 rime drakes
  A kobold demonologist (Depths:1)
  A dire elephant skeleton (Crypt:3)
  A rime drake (shapeshifter) (Vaults:1)
  A yaktaur zombie (Vaults:4)
  A yaktaur (shapeshifter) (Depths:2)
  An efreet (D:13)
  4 freezing wraiths
  55 yaktaurs
  2 guardian mummies
  A small abomination (Vaults:5)
  A demonic crawler (Spider:3)
  2 tengu conjurers
  6 komodo dragons
  A polar bear (Lair:6)
  A meliai (D:15)
  3 red devils
  8 jumping spiders
  A hydra zombie (Crypt:2)
  12 tyrant leeches
  5 trolls
  10 hippogriffs
  Prince Ribbit (D:6)
  10 hornets
  8 blink frogs
  2 harpy skeletons
  14 bog bodies
  60 slime creatures
  2 fire giant simulacra (Depths:3)
  A black mamba zombie (Crypt:2)
  3 shadows
  39 redbacks
  21 tarantellas
  16 wraiths
  Sigmund (D:5)
  A vampire (D:13)
  3 spriggans
  17 fire elementals
  6 wyverns
  An ice dragon skeleton (Crypt:2)
  A water elemental (Depths:2)
  A dire elephant simulacrum (Hell)
  31 yaks
  An alligator skeleton (Hell)
  2 basilisks
  9 golden eyes
  3 hogs (D:14)
  5 hungry ghosts
  A swamp worm (shapeshifter) (Vaults:5)
  20 vampire mosquitoes
  An acid dragon (Vaults:1)
  7 insubstantial wisps
  Edmund (D:5)
  A soldier ant (shapeshifter) (Depths:1)
  17 swamp worms
  A warg (Orc:1)
  6 water moccasins
  A spiny frog zombie (Hell)
  12 orc warriors
  A merfolk skeleton (Crypt:2)
  A floating eye (Depths:3)
  12 porcupines
  A black bear (shapeshifter) (Depths:3)
  A lindwurm zombie (Crypt:2)
  3 sky beasts
  7 swamp drakes
  3 black bears
  22 ice beasts
  2 eyes of draining
  37 ogres
  A phantom (D:8)
  2 necrophages
  8 wolves
  6 boggarts
  9 centaurs
  2 snapping turtle skeletons
  5 big kobolds
  6 crocodiles
  A wyvern zombie (D:12)
  A cyclops zombie (Crypt:1)
  A human skeleton (Vaults:2)
  12 bullfrogs
  A glowing shapeshifter simulacrum (Vaults:4)
  A yak zombie (Crypt:1)
  A water moccasin skeleton (D:10)
  3 scorpions
  11 wights
  2 electric eels
  4 howler monkeys
  10 crimson imps
  4 centaur zombies
  A quasit (D:5)
  2 bullfrog zombies
  5 orc priests
  5 hounds
  3 jellies
  12 orc wizards
  2 centaur skeletons
  3 bullfrog skeletons
  6 iguanas
  3 iron imps
  12 worker ants
  An acid dragon zombie (Crypt:1)
  4 mummies (Crypt:3)
  A worker ant zombie (D:7)
  5 gnolls
  7 adders
  A howler monkey skeleton (Crypt:1)
  5 shadow imps
  2 oozes (Lair:6)
  A worm zombie (Crypt:1)
  An adder skeleton (D:5)
  An adder zombie (D:8)
  4 worms
  A dart slug (D:2)
  9 leopard geckos
  28 orcs
  2 ball pythons
  6 bats
  9 giant cockroaches
  5 goblins
  9 hobgoblins
  18 jackals
  8 kobolds
  5 quokkas
  A ball python skeleton (Crypt:1)
  5 frilled lizards
  A quokka skeleton (D:9)
  4 rats (D:1)
  2 crawling corpses (Vaults:5)
  A fungus (D:9)
  5 plants (Lair:6)
1571 creatures vanquished.

Vanquished Creatures (collateral kills)
  An ancient lich (Zot:5)
  An orb of fire (Zot:5)
  Mara (Vaults:5)
  A Killer Klown (Zot:5)
  Saint Roka (Orc:2)
  Frederick (Vaults:2)
  Margery (Crypt:1)
  A golden dragon (Vaults:5)
  3 liches
  3 tentacled monstrosities
  An electric golem (Zot:5)
  8 Orb Guardians (Zot:5)
  A titan (Vaults:5)
  A quicksilver dragon (Depths:5)
  3 sphinxes
  An ancient champion (Vaults:3)
  Agnes (Spider:2)
  Kirke (D:14)
  6 tengu reavers
  9 storm dragons
  4 draconian monks
  5 frost giants (Depths:3)
  A draconian knight (Zot:2)
  3 fire giants (Vaults:5)
  3 shadow dragons
  7 emperor scorpions
  4 vault wardens
  An iron dragon (Vaults:5)
  A deep elf sorcerer (Vaults:5)
  2 ghost moths
  2 deep elf elementalists
  A spriggan defender (Depths:3)
  2 curse skulls (Crypt:2)
  A war gargoyle (Crypt:3)
  4 draconian shifters
  6 ironheart preservers
  4 draconian annihilators
  4 entropy weavers
  3 vampire knights
  2 green draconians
  10 very ugly things
  6 stone giants
  A black draconian (Zot:2)
  6 yellow draconians
  9 red draconians
  5 white draconians
  3 spark wasps
  2 purple draconians (Zot:2)
  A jiangshi (Depths:5)
  A deep elf death mage (Crypt:1)
  3 ettins
  A deep elf high priest (Vaults:5)
  9 yaktaur captains
  A great orb of eyes (Depths:3)
  4 rakshasas
  5 ice dragons
  2 quicksilver dragon skeletons
  10 hydras
  A catoblepas (D:15)
  4 fire dragons
  10 vault guards
  The ghost of Tadal the Destroyer, a journeyman DsCj of Sif Muna (Lair:2)
  2 spriggan air magi (Depths:3)
  5 ogre magi
  A death knight (D:13)
  3 centaur warriors (D:14)
  2 death yaks
  14 two-headed ogres
  2 orc high priests (Orc:2)
  6 deep troll shamans
  4 deep troll earth magi
  2 vampire magi
  2 deep elf knights
  2 spriggan berserkers (Depths:3)
  2 soul eaters
  3 small abominations (Vaults:5)
  9 hell knights
  An iron troll (Depths:2)
  A salamander mystic (Depths:4)
  16 skeletal warriors
  2 golden dragon zombies
  A death drake (shapeshifter) (Vaults:5)
  22 deep trolls
  3 deep elf archers
  A deep troll (shapeshifter) (Depths:5)
  4 flayed ghosts
  3 ironbrand convokers
  10 phantasmal warriors
  5 orc knights
  10 orb spiders
  10 deep elf magi
  2 necromancers
  23 ugly things
  3 cyclopes
  2 salamanders (Depths:4)
  A sphinx skeleton (Vaults:2)
  A shadow dragon skeleton (Vaults:4)
  19 wolf spiders
  2 salamanders (shapeshifter)
  11 moths of wrath
  A molten gargoyle (Depths:3)
  8 elephants
  A black mamba (Lair:3)
  A torpor snail (Lair:2)
  2 vault sentinels
  3 smoke demons (Crypt:3)
  An eye of devastation (Slime:1)
  A dire elephant skeleton (Crypt:2)
  2 centaur skeletons (D:13)
  9 spiny frogs
  A komodo dragon (Lair:6)
  2 freezing wraiths
  24 yaktaurs
  An elf skeleton (D:15)
  A kobold demonologist (D:14)
  An efreet (Zot:1)
  An ice devil (Depths:1)
  3 demonic crawlers
  A tengu conjurer (Depths:5)
  2 guardian mummies (Crypt:3)
  4 red devils
  2 meliai (D:15)
  17 jumping spiders
  4 trolls
  A troll (shapeshifter) (D:15)
  4 blink frogs (Lair:6)
  2 tyrant leeches (Lair:2)
  A shadow dragon simulacrum (Vaults:4)
  A bog body (Crypt:2)
  A hornet (Spider:4)
  22 slime creatures
  3 hippogriffs
  A deep troll zombie (D:15)
  A frost giant simulacrum (Vaults:4)
  2 human simulacra
  An ettin skeleton (Vaults:4)
  33 redbacks
  A spriggan (shapeshifter) (Vaults:5)
  5 wraiths
  3 shadows
  12 tarantellas
  7 yaks
  2 basilisks
  7 fire elementals (Zot:1)
  A fire bat (shapeshifter) (Depths:3)
  2 wyverns
  7 vampire mosquitoes
  A hell hound (Depths:3)
  A water moccasin (Lair:3)
  A spiny frog zombie (Crypt:2)
  An infernal demonspawn skeleton (Crypt:1)
  2 ice beasts (Lair:3)
  12 orc warriors
  An eye of draining (Slime:1)
  3 boggarts (Vaults:3)
  7 centaurs
  10 ogres
  A human skeleton (Vaults:4)
  A crocodile (Lair:2)
  A snapping turtle skeleton (Crypt:3)
  2 big kobolds (D:14)
  4 bullfrogs
  A wyvern skeleton (D:13)
  2 howler monkeys
  A bullfrog zombie (D:13)
  4 crimson imps
  2 orc priests (Orc:2)
  4 orc wizards
  A worker ant (D:14)
  A felid skeleton (Crypt:2)
  A big kobold skeleton (Crypt:1)
  A naga skeleton (Crypt:3)
  3 mummies (Crypt:3)
  2 gnolls (Orc:2)
  A shadow imp (D:14)
  An ooze (Lair:6)
  A barachi zombie (Crypt:2)
  8 orcs
  A gnoll zombie (Crypt:1)
  A kobold (D:14)
  A butterfly (Lair:3)
  2 crawling corpses (Vaults:5)
  2 fungi (Lair:6)
  11 plants (Lair:6)
  6 withered plants
732 creatures vanquished.

Vanquished Creatures (others)
  An iron giant (Zot:5)
  2 Orb Guardians (Zot:5)
  7 orc warlords
  A death cob (Zot:5)
  A draconian scorcher (Zot:5)
  A purple draconian (Zot:5)
  An ettin (Vaults:5)
  A deep elf high priest (Vaults:5)
  A vault guard (Vaults:5)
  An orc high priest (Orc:2)
  A fire crab (shapeshifter) (Depths:2)
  A small abomination (Vaults:5)
  A deep elf mage (Vaults:5)
  3 orc sorcerers
  An ugly thing (D:14)
  23 orc knights
  A vault sentinel (Vaults:5)
  25 orc warriors
  2 ogres
  2 boggarts (Depths:1)
  17 orc priests
  16 orc wizards
  A worker ant (D:5)
  A worm (shapeshifter) (Vaults:5)
  53 orcs
  A kobold (D:14)
  A crawling corpse (Vaults:5)
  5 fungi
  7 plants
  30 withered plants (Crypt:3)
209 creatures vanquished.

Grand Total: 2512 creatures vanquished

Notes
Turn   | Place    | Note
-------+----------+-------------------------------------------
     0 | D:1      | Coldstonesans the Hill Orc Fighter began the quest for the
                  | Orb.
     0 | D:1      | Reached XP level 1. HP: 19/19 MP: 1/1
   105 | D:1      | Reached XP level 2. HP: 21/27 MP: 2/2
   207 | D:1      | You fall through a shaft!
   321 | D:1      | Reached XP level 3. HP: 33/33 MP: 3/3
  1046 | D:2      | Found a shimmering altar of Xom.
  1046 | D:2      | Found a glowing golden altar of the Shining One.
  1072 | D:2      | Found a basalt altar of Yredelemnul.
  1153 | D:2      | Reached XP level 4. HP: 39/41 MP: 4/4
  1375 | D:2      | Found a hazy altar of Hepliaklqana.
  1880 | D:3      | Found a shadowy altar of Dithmenos.
  2355 | D:3      | Reached XP level 5. HP: 41/47 MP: 5/5
  2539 | D:4      | Found a staircase to the Ecumenical Temple.
  2608 | D:4      | Reached skill level 5 in Fighting
  2777 | D:4      | Reached XP level 6. HP: 56/56 MP: 6/6
  2848 | D:4      | Reached skill level 5 in Axes
  2857 | D:4      | Found an ornate altar of the Wu Jian Council.
  3044 | D:4      | Found a radiant altar of Vehumet.
  3057 | D:4      | Reached skill level 5 in Armour
  3375 | D:5      | Entered Level 5 of the Dungeon
  3452 | D:5      | Reached XP level 7. HP: 33/62 MP: 7/7
  3461 | D:5      | Noticed Edmund
  3475 | D:5      | Killed Edmund
  3833 | D:5      | Noticed Sigmund
  3964 | D:5      | Killed Sigmund
  3964 | D:5      | Reached XP level 8. HP: 66/71 MP: 8/8
  4235 | D:5      | Reached skill level 5 in Shields
  4236 | D:5      | Became a worshipper of Beogh the Brigand
  4440 | D:6      | Found a deep blue altar of Sif Muna.
  4863 | D:6      | Found a runed door.
  4865 | D:6      | Noticed Uniporpoise's ghost (novice MiFi)
  4880 | D:6      | Noticed a hippogriff
  4992 | D:7      | Found Enifagh's Gadget Boutique.
  5121 | D:7      | Reached * piety under Beogh
  5121 | D:7      | Reached XP level 9. HP: 80/81 MP: 9/9
  6188 | D:6      | Found a sacrificial altar of Ru.
  6231 | D:6      | Noticed Prince Ribbit
  6448 | D:6      | Killed Prince Ribbit
  6598 | D:6      | Found a glowing silver altar of Zin.
  6810 | D:8      | Found a hide-covered altar of Uskayaw.
  7076 | D:8      | Reached XP level 10. HP: 77/91 MP: 10/10
  7082 | D:8      | Reached skill level 10 in Axes
  7130 | D:8      | Found a shadowy altar of Dithmenos.
  7227 | D:8      | Reached ** piety under Beogh
  7356 | D:8      | Noticed a two-headed ogre
  7384 | D:9      | Noticed a two-headed ogre
  7410 | D:8      | Killed a two-headed ogre
  7410 | D:8      | Reached skill level 10 in Fighting
  7422 | D:9      | Killed a two-headed ogre
  7429 | D:9      | Found a staircase to the Orcish Mines.
  8315 | D:9      | Found an opulent altar of Gozag.
  8414 | D:9      | Noticed a catoblepas
  8467 | D:9      | Found a staircase to the Lair.
  8514 | D:9      | Reached skill level 10 in Armour
  8734 | D:9      | Found a sparkling altar of Nemelex Xobeh.
  8754 | D:10     | Entered Level 10 of the Dungeon
  8767 | D:10     | Found Xyvuq's Antique Weapon Shoppe.
  8855 | D:10     | Reached XP level 11. HP: 80/102 MP: 9/11
  8864 | D:10     | Found a shattered altar of Ashenzari.
  9191 | D:10     | Reached *** piety under Beogh
  9253 | D:10     | Noticed Harold
  9265 | D:10     | Killed Harold
  9680 | D:11     | Killed an unseen horror
  9755 | D:11     | Noticed a cyclops
 10099 | D:11     | You fall through a shaft for 2 floors!
 10099 | D:13     | Noticed a death knight
 10362 | D:13     | Noticed a cyclops
 10479 | D:12     | Killed a cyclops
 10848 | D:12     | Noticed a phantasmal warrior
 10855 | D:12     | Noticed a death knight
 11048 | D:12     | Identified the +1 robe "Inojuuga" {+Blink rElec Int+3}
 11509 | D:11     | Noticed a tengu warrior
 11524 | D:11     | Killed a tengu warrior
 12175 | Lair:1   | Entered Level 1 of the Lair of Beasts
 12441 | Lair:1   | Found the ring of Robustness {AC+8}
 12480 | Lair:1   | Reached XP level 12. HP: 69/113 MP: 8/12
 12746 | Lair:1   | Noticed a seven-headed hydra
 13210 | Lair:1   | Reached skill level 1 in Invocations
 13774 | D:12     | Killed a death knight
 13779 | D:12     | HP: 5/113 [freezing wraith[a death knight] (19)]
 14274 | D:12     | Noticed Josephine
 14287 | D:12     | Killed Josephine
 15266 | D:10     | Bought a crystal spear for 200 gold pieces
 15266 | D:10     | Identified the +4 spear of Moggeng {elec, rC+} (You bought
                  | it in a shop on level 10 of the Dungeon)
 15383 | Lair:1   | Killed a seven-headed hydra
 15383 | Lair:1   | Reached skill level 5 in Invocations
 15816 | Lair:2   | Noticed a four-headed hydra
 15817 | Lair:2   | Noticed a five-headed hydra
 15821 | Lair:2   | Noticed a six-headed hydra
 15832 | Lair:1   | Killed a five-headed hydra
 16201 | Lair:2   | Killed a four-headed hydra
 16205 | Lair:2   | Killed a six-headed hydra
 16270 | Lair:2   | Noticed a five-headed hydra
 16278 | Lair:2   | Killed a five-headed hydra
 16278 | Lair:2   | Reached XP level 13. HP: 121/122 MP: 17/17
 16598 | Lair:2   | Gained Boghold as an ally
 16904 | Lair:2   | Found a staircase to the Swamp.
 17148 | Lair:2   | Reached **** piety under Beogh
 17279 | Lair:2   | Found a runed door.
 17283 | Lair:2   | Found a shimmering altar of Xom.
 17283 | Lair:2   | Noticed Tadal's ghost (journeyman DsCj)
 17602 | Lair:3   | Found a frozen archway.
 17631 | IceCv    | Entered an ice cave
 17918 | IceCv    | Gained mutation: Your spells are a little easier to cast,
                  | but a little less powerful. [potion of mutation]
 17918 | IceCv    | Gained mutation: You have a somewhat thin skeletal
                  | structure. (Dex +2, Stealth) [potion of mutation]
 17918 | IceCv    | Gained mutation: You are resistant to electric shocks.
                  | (rElec) [potion of mutation]
 17919 | IceCv    | Lost mutation: You are resistant to electric shocks.
                  | (rElec) [potion of mutation]
 17919 | IceCv    | Lost mutation: Your spells are a little easier to cast, but
                  | a little less powerful. [potion of mutation]
 17919 | IceCv    | Gained mutation: You are covered in fur. (AC +1) [potion of
                  | mutation]
 17919 | IceCv    | Gained mutation: You are frail. (-10% HP) [potion of
                  | mutation]
 17919 | IceCv    | Gained mutation: You expend magic power (3 MP) to
                  | strengthen your wands. [potion of mutation]
 17920 | IceCv    | Lost mutation: You expend magic power (3 MP) to strengthen
                  | your wands. [potion of mutation]
 17920 | IceCv    | Lost mutation: You are frail. (-10% HP) [potion of
                  | mutation]
 17920 | IceCv    | Gained mutation: You are frail. (-10% HP) [potion of
                  | mutation]
 17920 | IceCv    | Gained mutation: You are partially covered in thin metallic
                  | scales. (AC +2) [potion of mutation]
 17920 | IceCv    | Gained mutation: Your muscles are strong. (Str +2) [potion
                  | of mutation]
 17921 | IceCv    | Lost mutation: You are partially covered in thin metallic
                  | scales. (AC +2) [potion of mutation]
 17921 | IceCv    | Lost mutation: You are frail. (-10% HP) [potion of
                  | mutation]
 17921 | IceCv    | Gained mutation: You are clumsy. (Dex -2) [potion of
                  | mutation]
 17921 | IceCv    | Gained mutation: You possess an exceptional clarity of
                  | mind. [potion of mutation]
 18481 | IceCv    | Noticed an ice dragon
 18481 | IceCv    | Noticed an ice dragon
 18974 | Lair:3   | Found a hole to the Spider Nest.
 19428 | Lair:4   | Reached skill level 15 in Axes
 19540 | Lair:4   | Reached skill level 10 in Shields
 19547 | Lair:4   | Reached ***** piety under Beogh
 20576 | Lair:5   | Reached XP level 14. HP: 133/133 MP: 20/20
 21612 | Orc:1    | Entered Level 1 of the Orcish Mines
 21728 | Lair:6   | Entered Level 6 of the Lair of Beasts
 21728 | Lair:6   | Found a runed door.
 21732 | Lair:6   | Found a viscous altar of Jiyva.
 21780 | Lair:6   | Found a staircase to the Slime Pits.
 21941 | Lair:6   | Got a jade-encrusted chain mail
 21942 | Lair:6   | Identified the +11 chain mail "Virphopp" {rF+ rN+ MR+
                  | Int-2} (You found it on level 6 of the Lair of Beasts)
 21984 | Lair:6   | Reached skill level 10 in Invocations
 22261 | Lair:6   | Reached skill level 15 in Fighting
 22277 | Lair:6   | Gained Gorbash as an ally
 22446 | Lair:6   | Gained Ugbert as an ally
 23234 | Slime:1  | Entered Level 1 of the Pits of Slime
 23791 | Orc:2    | Entered Level 2 of the Orcish Mines
 23965 | Orc:2    | Found a staircase to the Elven Halls.
 24106 | Orc:2    | Noticed Saint Roka
 24111 | Orc:2    | Gained mutation: You are frail. (-10% HP) [a neqoxec]
 24286 | Orc:2    | Your ally Gorbash died
 24290 | Orc:2    | Killed Saint Roka
 24593 | Orc:2    | Found a roughly hewn altar of Beogh.
 24603 | Orc:2    | Reached XP level 15. HP: 126/126 MP: 23/23
 24608 | Orc:2    | Found Wygiv's General Store.
 25212 | D:13     | Found a glowing silver altar of Zin.
 25762 | D:13     | Reached ****** piety under Beogh
 26166 | D:14     | You fall through a shaft!
 26166 | D:15     | Entered Level 15 of the Dungeon
 26166 | D:15     | Found a staircase to the Depths.
 26517 | D:14     | Noticed a fire giant
 26525 | D:14     | Gained Syrus as an ally
 26528 | D:14     | Killed a fire giant
 27077 | D:15     | Found a basalt altar of Yredelemnul.
 27569 | D:15     | Found a deep blue altar of Sif Muna.
 27594 | D:15     | Gained Harm as an ally
 28027 | D:14     | Identified the ring "Pudiemuts" {Ice Int+4}
 28229 | D:14     | Found a gate to the Vaults.
 28309 | D:14     | Found an iron altar of Okawaru.
 28484 | D:14     | Noticed Kirke
 28489 | D:14     | Killed Kirke
 28499 | D:14     | Found a shattered altar of Ashenzari.
 29149 | D:12     | Identified 7 scrolls of acquirement
 29452 | Orc:2    | Bought a +0 glaive for 97 gold pieces
 29463 | Orc:2    | Found Niegucao's Book Shoppe.
 29470 | Orc:2    | Bought a manual of Fighting for 1766 gold pieces
 29504 | Orc:2    | Found Uthrisa's Antique Weapon Emporium.
 29660 | Orc:2    | Found Tiypeuno's Antique Armour Shoppe.
 29667 | Orc:2    | Bought a pair of scorched gloves for 256 gold pieces
 29667 | Orc:2    | Bought a shimmering chain mail for 256 gold pieces
 29667 | Orc:2    | Bought a brightly glowing scale mail for 243 gold pieces
 29667 | Orc:2    | Identified the +2 pair of gloves "Tiresucs" {Str+3} (You
                  | bought it in a shop on level 2 of the Orcish Mines)
 29681 | Orc:2    | Identified the cursed +0 chain mail "Nuzxonyu" {rN+} (You
                  | bought it in a shop on level 2 of the Orcish Mines)
 29719 | Orc:2    | Identified the cursed +1 scale mail of Borimig {*Slow rPois
                  | Dex+4} (You bought it in a shop on level 2 of the Orcish
                  | Mines)
 29758 | Orc:2    | Found Beag's Antique Weapon Shoppe.
 29764 | Orc:2    | Bought a glowing trident for 182 gold pieces
 29764 | Orc:2    | Bought a runed trident for 182 gold pieces
 29879 | Elf:1    | Entered Level 1 of the Elven Halls
 29947 | Elf:1    | Reached XP level 16. HP: 136/136 MP: 25/25
 30121 | Swamp:1  | Entered Level 1 of the Swamp
 32641 | Swamp:3  | Noticed Jorgrun
 32674 | Swamp:3  | Killed Jorgrun
 33687 | Swamp:4  | Entered Level 4 of the Swamp
 35560 | Swamp:4  | Reached XP level 17. HP: 125/149 MP: 19/28
 35708 | Swamp:4  | Reached skill level 15 in Invocations
 36212 | Swamp:4  | Reached skill level 15 in Armour
 36268 | Swamp:4  | Got a decaying rune of Zot
 36594 | Swamp:4  | Found a basalt altar of Yredelemnul.
 37078 | Lair:2   | Killed Tadal's ghost
 37474 | Depths:1 | Entered Level 1 of the Depths
 37501 | Depths:1 | Your ally Boghold died
 37827 | Depths:1 | You fall through a shaft!
 37827 | Depths:2 | Found a gateway to Hell.
 38096 | Depths:2 | Your ally Ugbert died
 38522 | Depths:2 | Got a warped tin ring
 38523 | Depths:2 | Identified the ring "Nuasenige" {Ice rN++ Str+3 Int-3
                  | Slay-4} (You acquired it on level 2 of the Depths)
 38528 | Depths:2 | Found a one-way gate leading to the halls of Pandemonium.
 38727 | Depths:2 | Found a one-way gate to the infinite horrors of the Abyss.
 38732 | Depths:2 | Reached XP level 18. HP: 126/160 MP: 23/30
 38936 | Depths:2 | Noticed a lich
 38938 | Depths:2 | Your ally Harm died
 38938 | Depths:2 | HP: 1/162 [lich/bolt of lightning (49)]
 38943 | Depths:2 | Killed a lich
 38947 | Depths:2 | Your ally Syrus died
 38956 | Depths:2 | Noticed a lich
 39407 | Depths:2 | Got a bloodstained hand axe
 39408 | Depths:2 | Identified the +10 hand axe "Hill Orc's Curse" {antimagic,
                  | rF+ Str+2} (You acquired it on level 2 of the Depths)
 39531 | Depths:2 | Paralysed by a sphinx for 6 turns
 40173 | Depths:2 | Killed a lich
 40778 | Depths:1 | Got a bound tin ring
 41548 | Depths:1 | Reached XP level 19. HP: 164/171 MP: 31/31
 42220 | Depths:1 | Gained Bogdan as an ally
 42251 | Hell     | Entered the Vestibule of Hell
 42251 | Hell     | Noticed Geryon
 42261 | Hell     | Killed Geryon
 42929 | Vaults:1 | Entered Level 1 of the Vaults
 43257 | D:14     | Identified the cursed ring of Pride {rPois MR+ Int-4} (You
                  | found it on level 1 of the Depths)
 44208 | Vaults:1 | Gained Ugrim as an ally
 44523 | Vaults:1 | Found a runed gate.
 44527 | Vaults:1 | Found a runed gate.
 44528 | Vaults:1 | Found a runed gate.
 44528 | Vaults:1 | Noticed howech's ghost (adept MiFi)
 44529 | Vaults:1 | Identified the cursed +1 leather armour "Fommuweu" {+Inv
                  | +Fly Str-4 SInv}
 44531 | Vaults:1 | Found an iron altar of Okawaru.
 44635 | Vaults:1 | Found Sew Osk's Armour Shop.
 44650 | Vaults:1 | Bought a +1 pair of boots of flying for 231 gold pieces
 44854 | Vaults:1 | Reached XP level 20. HP: 180/180 MP: 33/33
 45832 | Vaults:2 | Gained Urtork as an ally
 46098 | Vaults:2 | Noticed Frederick
 46106 | Vaults:2 | Killed Frederick
 46413 | Vaults:2 | Found a flickering gateway to a bazaar.
 46427 | Bazaar   | Entered a bazaar
 46430 | Bazaar   | Found Loffaewi's General Store.
 46438 | Bazaar   | Bought a +5 ring of strength for 453 gold pieces
 46460 | Bazaar   | Found Wenuacij's Book Emporium.
 46479 | Bazaar   | Found Dosmawn's Armour Shoppe.
 46492 | Bazaar   | Found Dahel's Antique Armour Shop.
 46497 | Bazaar   | Bought a runed large shield for 180 gold pieces
 46741 | Vaults:2 | Gained Korbok as an ally
 47235 | Vaults:3 | Found Cusish's Armour Shop.
 47494 | Vaults:3 | Gained Marbork as an ally
 47497 | Vaults:3 | Your ally Marbork died
 47610 | Vaults:3 | Gained Morun as an ally
 47619 | Vaults:3 | Gained Ugbert as an ally
 48591 | Vaults:3 | Reached XP level 21. HP: 155/189 MP: 29/34
 49751 | Vaults:3 | Gained Borgk as an ally
 49772 | Vaults:3 | Reached skill level 15 in Shields
 50347 | Vaults:3 | Found a staircase to the Crypt.
 50399 | Crypt:1  | Entered Level 1 of the Crypt
 51096 | Crypt:1  | Noticed Margery
 51105 | Crypt:1  | Killed Margery
 52444 | Crypt:3  | Entered Level 3 of the Crypt
 52563 | Crypt:3  | Reached XP level 22. HP: 187/199 MP: 34/36
 52777 | Crypt:3  | Found a staircase to the Tomb.
 53549 | Tomb:1   | Entered Level 1 of the Tomb of the Ancients
 53978 | Crypt:3  | Found the +6 Majin-Bo {vamp, Archmagi MP+6 Int+6}
 54002 | Crypt:3  | Got a slimy platinum ring
 54002 | Crypt:3  | Got a wavering iron ring
 54002 | Crypt:3  | Got a translucent marble ring
 54003 | Crypt:3  | Identified the ring "Jolewk" {rN+ Dex+6} (You found it on
                  | level 3 of the Crypt)
 54004 | Crypt:3  | Identified the ring of Ohude {rN+ MR+ Str+4} (You found it
                  | on level 3 of the Crypt)
 54006 | Crypt:3  | Identified the ring of Checkmate {-Tele rElec rN+ Int+4
                  | Dex+9} (You found it on level 3 of the Crypt)
 54300 | Crypt:3  | Found an ancient bone altar of Kikubaaqudgha.
 54364 | Crypt:3  | Got a brightly glowing great sword
 54371 | Crypt:3  | Identified the +6 great sword of Chagrin {venom, Str+3}
                  | (You found it on level 3 of the Crypt)
 54389 | Crypt:3  | Noticed an ancient lich
 54411 | Crypt:3  | Killed an ancient lich
 56114 | Slime:1  | Your ally Korbok died
 56119 | Slime:1  | Gained Marbork as an ally
 56252 | Slime:1  | You fall through a shaft!
 56387 | Slime:1  | Found a viscous altar of Jiyva.
 56404 | Slime:1  | Gained mutation: Your magical capacity is low. (-10% MP) [a
                  | shining eye]
 56406 | Slime:1  | Gained mutation: Armour fits poorly on your strangely
                  | shaped body. [a shining eye]
 57255 | Slime:2  | Gained mutation: Scrolls take you a little longer to read.
                  | [a shining eye]
 57401 | Spider:1 | Entered Level 1 of the Spider Nest
 58217 | Spider:2 | Noticed Agnes
 58224 | Spider:2 | Killed Agnes
 58289 | Spider:2 | You fall through a shaft!
 58606 | Spider:2 | Lost mutation: You are clumsy. (Dex -2) [potion of
                  | mutation]
 58606 | Spider:2 | Lost mutation: Your magical capacity is low. (-10% MP)
                  | [potion of mutation]
 58606 | Spider:2 | Lost mutation: Scrolls take you a little longer to read.
                  | [potion of mutation]
 58606 | Spider:2 | Lost mutation: You are frail. (-10% HP) [potion of
                  | mutation]
 58606 | Spider:2 | Gained mutation: You are partially covered in icy blue
                  | scales. (AC +2) [potion of mutation]
 59300 | Spider:3 | Reached XP level 23. HP: 230/231 MP: 35/37
 59643 | Spider:4 | Entered Level 4 of the Spider Nest
 59706 | Spider:4 | Gained Borgk as an ally
 59887 | Spider:4 | Got a gossamer rune of Zot
 60332 | Spider:4 | Lost mutation: Armour fits poorly on your strangely shaped
                  | body. [potion of mutation]
 60332 | Spider:4 | Lost mutation: Your muscles are strong. (Str +2) [potion of
                  | mutation]
 60332 | Spider:4 | Lost mutation: You possess an exceptional clarity of mind.
                  | [potion of mutation]
 60332 | Spider:4 | Gained mutation: You possess an exceptional clarity of
                  | mind. [potion of mutation]
 60332 | Spider:4 | Gained mutation: You have sharp fingernails. [potion of
                  | mutation]
 60332 | Spider:4 | Gained mutation: You expend magic power (3 MP) to
                  | strengthen your wands. [potion of mutation]
 61067 | Vaults:4 | Noticed Jory
 61087 | Vaults:4 | Killed Jory
 61557 | Vaults:4 | Gained Ognian as an ally
 61972 | Vaults:5 | Entered Level 5 of the Vaults
 62019 | Vaults:5 | Noticed a golden dragon
 62210 | Vaults:5 | Your ally Borgk died
 62210 | Vaults:5 | Killed a golden dragon
 62335 | Vaults:5 | Your ally Ognian died
 62479 | Vaults:5 | Reached XP level 24. HP: 235/242 MP: 38/38
 62485 | Vaults:5 | Identified the +8 great sword of the Countless Coins {pain,
                  | -Tele rC+ Str+7}
 62547 | Vaults:5 | Your ally Marbork died
 62595 | Vaults:5 | Your ally Ognian died
 62602 | Vaults:5 | Your ally Ugrim died
 62603 | Vaults:5 | Your ally Morun died
 62677 | Vaults:5 | Your ally Urtork died
 62915 | Vaults:5 | Noticed Mara
 62921 | Vaults:5 | Noticed Coldstonesans's illusion
 62925 | Vaults:5 | Killed Mara
 63267 | Vaults:5 | Got a silver rune of Zot
 64092 | Depths:3 | Noticed Louise
 64105 | Depths:3 | Killed Louise
 64286 | Depths:3 | Your ally Ugbert died
 64735 | Depths:3 | Found a gateway to a ziggurat.
 64794 | Depths:3 | Identified the +6 great sword "Nynwo" {freeze, rElec Str+3
                  | Dex+3}
 64797 | Depths:3 | Identified the amulet of Okawaru's Envy {Acrobat Str+2}
 64809 | Depths:3 | Reached XP level 25. HP: 95/251 MP: 4/38
 64828 | Depths:3 | Your ally Ugbert died
 65570 | Depths:4 | Noticed a juggernaut
 65956 | Depths:4 | Identified the amulet of the Will of the Gods {Faith rC+
                  | Int+2 Stlth+}
 66001 | Depths:4 | Found a transporter.
 66018 | Depths:4 | Found a transporter.
 66191 | Depths:5 | Entered Level 5 of the Depths
 66677 | Depths:5 | Found a gate to the Realm of Zot.
 66839 | Zot:1    | Entered Level 1 of the Realm of Zot
 68017 | Zot:1    | Reached XP level 26. HP: 205/264 MP: 25/39
 68088 | Zot:1    | Noticed an orb of fire
 68090 | Zot:1    | Gained mutation: You are weak. (Str -2) [an orb of fire]
 68099 | Zot:1    | Gained mutation: You are frail. (-10% HP) [an orb of fire]
 68100 | Zot:1    | Killed an orb of fire
 68450 | Zot:1    | Lost mutation: You expend magic power (3 MP) to strengthen
                  | your wands. [potion of mutation]
 68450 | Zot:1    | Lost mutation: You are frail. (-10% HP) [potion of
                  | mutation]
 68450 | Zot:1    | Gained mutation: Your flesh is heat resistant. (rF+)
                  | [potion of mutation]
 68450 | Zot:1    | Gained mutation: Your movements are slightly less
                  | encumbered by armour. (ER -2) [potion of mutation]
 69227 | Zot:2    | Reached skill level 27 in Axes
 69308 | Zot:2    | You fall through a shaft for 2 floors!
 69813 | Zot:5    | Entered Level 5 of the Realm of Zot
 69922 | Zot:5    | Reached skill level 27 in Fighting
 70714 | Zot:5    | Noticed an ancient lich
 70716 | Zot:5    | Killed an ancient lich
 70725 | Zot:5    | Noticed a Killer Klown
 70730 | Zot:5    | Noticed an orb of fire
 70730 | Zot:5    | Noticed a Killer Klown
 70730 | Zot:5    | Noticed an orb of fire
 70731 | Zot:5    | Noticed a Killer Klown
 70733 | Zot:5    | Noticed a Killer Klown
 70734 | Zot:5    | Noticed a Killer Klown
 70735 | Zot:5    | Killed a Killer Klown
 70738 | Zot:5    | Gained mutation: You are frail. (-10% HP) [an orb of fire]
 70741 | Zot:5    | Killed an orb of fire
 70743 | Zot:5    | Killed a Killer Klown
 70747 | Zot:5    | Killed a Killer Klown
 70747 | Zot:5    | Killed an orb of fire
 70752 | Zot:5    | Noticed an orb of fire
 70752 | Zot:5    | Your ally Urtork died
 70754 | Zot:5    | Killed a Killer Klown
 70756 | Zot:5    | Reached XP level 27. HP: 54/245 MP: 19/40
 70757 | Zot:5    | Noticed an orb of fire
 70757 | Zot:5    | Gained mutation: You occasionally shout uncontrollably at
                  | your foes. [an orb of fire]
 70761 | Zot:5    | Your ally Bogdan died
 70764 | Zot:5    | Your ally Borgk died
 70768 | Zot:5    | HP: 17/367 [Orb Guardian (13)]
 70770 | Zot:5    | Mangled by an Orb Guardian

Vault maps used:
D:1:      minmay_arrival_wavy_path, st_stairs_8
D:2:      marbit_many_paths, gammafunk_temple_overflow_wave,
          lemuel_doored_altar, kennysheep_generic_room_6
D:3:      nicolae_dithmenos_shadow_blocks, serial_forest,
          infiniplex_forest_lined_2, infiniplex_forest_straight_2,
          infiniplex_forest_lined_room_3, infiniplex_forest_straight_4,
          infiniplex_forest_lined_4_way, infiniplex_forest_lined_3,
          minmay_cupped
D:4:      old_standard_altar, nicolae_overflow_crystal_walls,
          minmay_temple_entry_junction
D:5:      first_ration, uniq_sigmund, uniq_edmund
D:6:      overflow_temple_1_default, nicolae_ru_great_annihilating_truth,
          ebering_ghost_reflecting_pool, basic_altar, uniq_prince_ribbit1
D:7:      nicolae_overflow_hidden_temple, serial_shops, nicolae_shop_trees,
          the_bakery
D:8:      lemuel_round_altar, lemuel_altar_in_water
D:9:      grunt_gozag_statues, kennysheep_little_box,
          grunt_lair_entry_orc_guard_hut, orc_david_3, minivault_12
D:10:     serial_shops, nicolae_shop_statue_plus, evilmike_ruin_ashenzari,
          uniq_harold
D:12:     uniq_josephine
D:13:     basic_altar
D:14:     minmay_isolated_rectangles_in_corner,
          hangedman_vaults_entry_quadrant_bands, lemuel_round_altar,
          okawaru_ov_weapons_minmay, uniq_kirke
D:15:     gammafunk_depths_entry_grave, basic_altar, yredelemnul_altar_generic,
          minmay_misc_feat_secret_circle, eino_curves_01
Lair:1:   enter_volcano_2
Lair:2:   minmay_swamp_entry_worms, ebering_ghost_xom, grunt_megastairs_5
Lair:3:   nicolae_spider_entry_orb_guardian, portal_ice_cave_entry_ice_beasts,
          lemuel_fruit_tree, grunt_megastairs_2, lemuel_fruit_fields
Lair:5:   grunt_megastairs_3
Lair:6:   grunt_lair_end_beastmaster, slime_altar_2, serial_bayou_pond_d,
          lookout_lair_type, st_stairs_3
Swamp:1:  nicolae_swamp_very_dense_foliage
Swamp:2:  serial_swamp_ruin, evilmike_swamp_ruin_rubble_2,
          evilmike_swamp_ruin_house_1, hangedman_swamp_ruin_wall,
          infiniplex_staircase_pool
Swamp:3:  evilmike_swamp_ruin_house_2, uniq_jorgrun
Swamp:4:  swamp_basic_johnstein, swamp_pool3, hangedman_swamp_pad,
          grunt_ruined_hall
Spider:1: drop_trap
Spider:2: uniq_agnes
Spider:3: nicolae_spider_cling_halls
Spider:4: grunt_spider_rune_circles
Slime:1:  basic_altar
Slime:2:  nicolae_slime_round_cave
Orc:2:    grunt_orc_cross, serial_shops, shop_fountains
Elf:1:    minmay_elf_crystal_hexagon, minivault_16
Vaults:1: gammafunk_vaults_ghost_fury_of_okawaru, v_misc_29,
          nicolae_vaults_big_ls, grunt_vaults_hallway_long,
          ontoclasm_vaults_spin, nicolae_vaults_theta,
          nicolae_vaults_halls_meeting, nicolae_vaults_network_periphery,
          vaults_room_pool, ontoclasm_vaults_misaligned,
          nicolae_vaults_network_star, nicolae_vaults_border_crossing,
          serial_shops, nicolae_shop_temple_entry_statues_fountains
Vaults:2: ontoclasm_vaults_idyll, vaults_room_fancy_cross,
          hangedman_vaults_nodes, vaults_dpeg_spiral, hangedman_vaults_capsules,
          hangedman_vaults_stream, ontoclasm_vaults_loading_screen,
          hangedman_vaults_restitches, grunt_vaults_swirl,
          vaults_room_semicircle, nicolae_vaults_little_squares_3,
          nicolae_vaults_alarming, serial_shops, bzr_entry_safe, uniq_frederick
Vaults:3: nicolae_vaults_ring_of_whatevers, vaults_room_ringed_pool,
          nicolae_vaults_good_morning_starshine, v_rooms_6,
          vaults_standard_mumra_enter_the_diamond, ontoclasm_vaults_gateway,
          hangedman_vaults_slice, minmay_crypt_entry_simple_box, v_misc_23,
          serial_shops, shop
Vaults:4: vaults_room_grid, nicolae_vaults_little_squares_3, v_misc_2,
          vaults_dpeg_encased_lava, vaults_dpeg_ring, uniq_jory
Vaults:5: uniq_mara
Crypt:1:  uniq_margery
Crypt:2:  minmay_misc_feat_five
Crypt:3:  quadcrypt_mu
Depths:1: marbit_kobold_abyss_entry, grunt_hell_entry_dis_old,
          dk_noncrumbling_3, kennysheep_just_a_vault
Depths:2: minmay_triangles_in_corner, hell_entry, pan_entry,
          hangedman_abyss_entry_splay, serial_curves, eino_curves_04,
          eino_curves_01, grunt_ministairs_7, minmay_staircase_windowed_small,
          serial_bayou_shore_b
Depths:3: grunt_twisty_corner, enter_ziggurat_e,
          nicolae_abyss_entry_one_way_or_another, pan_entry, hellmouth_1,
          chequers_serial_rivers_room_b, infiniplex_staircase_star
Depths:4: gammafunk_the_bubble, minmay_curled_crystal, abyss_entry, hell_entry,
          hangedman_abyss_or_decor_passed, kennysheep_generic_room_9,
          uniq_saint_roka
Depths:5: grunt_runaround, serial_shops, hell_entry
Zot:1:    lemuel_firehouse, skrybe_zot_glass_1
Zot:2:    hangedman_zot_wheel_spokes
Zot:4:    lemuel_draconian_sentries_small, st_stairs_14, grunt_ministairs_13
Bazaar:   bazaar_jpeg_ninerooms_4
IceCv:    ice_cave_small_dragons

Skill      XL: |  1  2  3  4  5  6  7  8  9 10 11 12 13 14 15 16 17 18 19 20 21 22 23 24 25 26 |
---------------+-------------------------------------------------------------------------------+-----
Axes           | 3 4 5 6 8 9 11 13 14 15 16 17 18 19 20 21 22 23 24 25 26 27 | 27.0
Fighting       | 4 5 6 8 9 11 12 13 14 15 16 18 20 21 22 23 24 25 26 27 | 27.0
Armour         | 4 5 7 8 10 11 12 13 14 15 16 17 18 19 20 | 20.2
Shields        | 4 5 6 7 8 9 10 11 12 13 14 15 16 17 18 | 18.7
Invocations    | 6 9 11 13 14 16 17 18 19 20 21 22 23 24 26 | 26.0

Action                   |  1- 3 |  4- 6 |  7- 9 | 10-12 | 13-15 | 16-18 | 19-21 | 22-24 | 25-27 || total
-------------------------+-------+-------+-------+-------+-------+-------+-------+-------+-------++-------
Melee: War axe           |   122 |   216 |   297 |   794 |  1035 |       |       |       |       ||  2464
       Spear             |       |       |       |    29 |    44 |       |       |       |       ||    73
       Broad axe         |       |       |       |       |    17 |   914 |  1178 |  1042 |   517 ||  3668
       Trident           |       |       |       |       |       |   183 |       |       |       ||   183
       Hand axe          |       |       |       |       |       |    72 |     5 |    50 |       ||   127
       Lance             |       |       |       |       |       |       |       |       |    11 ||    11
Invok: Convert to Beogh  |       |       |     1 |       |       |       |       |       |       ||     1
       Smiting           |       |       |       |     9 |     3 |    16 |    19 |     4 |    33 ||    84
       Recall Orcish Fol |       |       |       |       |    33 |    11 |     8 |    26 |     5 ||    83
       Give Item to Name |       |       |       |       |     4 |       |     6 |     3 |       ||    13
       Stop Recall       |       |       |       |       |     1 |       |     1 |     1 |       ||     3
       Resurrection      |       |       |       |       |       |       |       |     3 |       ||     3
 Abil: Stop Flying       |       |       |       |       |       |       |     1 |       |       ||     1
Evoke: Wand              |       |       |     1 |     7 |     3 |     3 |     6 |       |       ||    20
       Sack of spiders   |       |       |       |       |       |     1 |       |     1 |       ||     2
       Phantom mirror    |       |       |       |       |       |       |       |     1 |       ||     1
  Use: Scroll            |     4 |     1 |       |    13 |    25 |    13 |    11 |     9 |     3 ||    79
       Potion            |       |       |     3 |    10 |    13 |    16 |     5 |    11 |    11 ||    69
 Stab: Invisible         |       |       |     1 |       |       |    15 |       |     7 |       ||    23
       Distracted        |       |       |       |       |    11 |     1 |    11 |    12 |    13 ||    48
       Paralysed         |       |       |       |       |       |       |     2 |       |       ||     2
       Sleeping          |       |       |       |       |       |       |       |       |     1 ||     1
  Eat: Chunk             |       |     8 |     9 |    12 |    16 |    18 |    22 |    14 |    10 ||   109
       Ration            |       |       |     1 |     6 |    10 |    16 |     5 |     8 |     2 ||    48
Armor: Scale mail        |    56 |   123 |   148 |   345 |   169 |       |       |       |       ||   841
       Chain mail        |       |       |       |       |   334 |   943 |   472 |   584 |   268 ||  2601
       Skin              |       |       |       |       |       |   123 |       |       |       ||   123
Dodge: Dodged            |    49 |    78 |    97 |   213 |   252 |   380 |   192 |   186 |   111 ||  1558
Block: Shield            |    66 |   115 |   130 |   405 |   531 |   790 |   765 |   860 |   453 ||  4115

Table legend:
 A = Non-vault XP
 B = Vault XP
 C = Vault XP percentage of total XP
 D = Non-vault monster count
 E = Vault monster count
 F = Vault count percentage of total count
                 A         B        C        D         E       F
            +---------+---------+-------+---------+---------+-------
      Total |  692003 |  576617 |  45.5 |    1516 |     771 |  33.7
            +---------+---------+-------+---------+---------+-------
        D:1 |      32 |       1 |   3.0 |      18 |       1 |   5.3
        D:2 |      39 |      19 |  32.8 |      17 |       4 |  19.0
        D:3 |      91 |       5 |   5.2 |      20 |       2 |   9.1
        D:4 |     372 |       0 |   0.0 |      16 |       0 |   0.0
        D:5 |     502 |     369 |  42.4 |      19 |       2 |   9.5
        D:6 |    1162 |     314 |  21.3 |      31 |       5 |  13.9
        D:7 |     478 |     211 |  30.6 |       8 |       1 |  11.1
        D:8 |    2716 |       0 |   0.0 |      25 |       0 |   0.0
        D:9 |    1696 |    1282 |  43.0 |      14 |      14 |  50.0
       D:10 |    1084 |     981 |  47.5 |      14 |       1 |   6.7
       D:11 |    2941 |       0 |   0.0 |      16 |       0 |   0.0
       D:12 |    6934 |    2128 |  23.5 |      37 |       6 |  14.0
       D:13 |    8951 |       0 |   0.0 |      37 |       0 |   0.0
       D:14 |    7918 |    9357 |  54.2 |      36 |      31 |  46.3
       D:15 |   10336 |    3773 |  26.7 |      36 |       8 |  18.2
     Lair:1 |    3944 |     798 |  16.8 |      17 |       1 |   5.6
     Lair:2 |    6021 |    4303 |  41.7 |      19 |      10 |  34.5
     Lair:3 |    3338 |    2491 |  42.7 |      18 |      12 |  40.0
     Lair:4 |    4403 |       0 |   0.0 |      15 |       0 |   0.0
     Lair:5 |    7507 |     511 |   6.4 |      20 |       2 |   9.1
     Lair:6 |    8675 |   10800 |  55.5 |      34 |      24 |  41.4
    Swamp:1 |    9241 |       0 |   0.0 |      28 |       0 |   0.0
    Swamp:2 |   10851 |       0 |   0.0 |      35 |       0 |   0.0
    Swamp:3 |   12232 |    6622 |  35.1 |      29 |       6 |  17.1
    Swamp:4 |   10052 |   26488 |  72.5 |      27 |      39 |  59.1
   Spider:1 |   13103 |       0 |   0.0 |      42 |       0 |   0.0
   Spider:2 |    9272 |    1384 |  13.0 |      33 |       1 |   2.9
   Spider:3 |   20669 |       0 |   0.0 |      53 |       0 |   0.0
   Spider:4 |    9973 |   19612 |  66.3 |      37 |      41 |  52.6
    Slime:1 |    7166 |    2112 |  22.8 |      26 |       2 |   7.1
    Slime:2 |    9158 |    6513 |  41.6 |      16 |       9 |  36.0
      Orc:1 |     977 |       0 |   0.0 |      13 |       0 |   0.0
      Orc:2 |    1380 |    5843 |  80.9 |      12 |      20 |  62.5
      Elf:1 |    2886 |       0 |   0.0 |       4 |       0 |   0.0
   Vaults:1 |   29396 |   31730 |  51.9 |      54 |      44 |  44.9
   Vaults:2 |   36074 |   14985 |  29.3 |      65 |      25 |  27.8
   Vaults:3 |   42301 |   33941 |  44.5 |      69 |      41 |  37.3
   Vaults:4 |   24227 |    3991 |  14.1 |      44 |       3 |   6.4
   Vaults:5 |   38175 |   76356 |  66.7 |      55 |      74 |  57.4
    Crypt:1 |   13541 |    8321 |  38.1 |      32 |       7 |  17.9
    Crypt:2 |   31264 |       0 |   0.0 |      47 |       0 |   0.0
    Crypt:3 |       0 |   50219 | 100.0 |       0 |      81 | 100.0
     Tomb:1 |    1138 |       0 |   0.0 |       2 |       0 |   0.0
   Depths:1 |   64917 |    5038 |   7.2 |      85 |      13 |  13.3
   Depths:2 |   40090 |   19432 |  32.6 |      58 |      17 |  22.7
   Depths:3 |   38918 |   74652 |  65.7 |      49 |      86 |  63.7
   Depths:4 |   14998 |       0 |   0.0 |      25 |       0 |   0.0
   Depths:5 |       0 |   49111 | 100.0 |       0 |      55 | 100.0
       Hell |    4823 |    5934 |  55.2 |       9 |       7 |  43.8
      Zot:1 |   40833 |   17739 |  30.3 |      32 |      31 |  49.2
      Zot:2 |   32872 |       0 |   0.0 |      29 |       0 |   0.0
      Zot:4 |   17359 |    6515 |  27.3 |      17 |       4 |  19.0
      Zot:5 |   24977 |   69242 |  73.5 |      22 |      23 |  51.1
      IceCv |       0 |    3494 | 100.0 |       0 |      18 | 100.0
            +---------+---------+-------+---------+---------+-------
